TOP OF THE 1ST |
Plymouth Rocks batting - Pitching for Orlando Calrissian : LHP Mark Collins
|
Pitching: LHP Mark Collins
|
|
Batting: RHB Luis Sánchez
|
0-0: Foul Ball, location: 2F 0-1: SINGLE (Groundball, 56D)
|
Batting: RHB Andrés Lara
|
0-0: Ball 1-0: Ball 2-0: Swinging Strike 2-1: Swinging Strike 2-2: Strikes out swinging Luis Sánchez steals 2nd base Batter strikes out.
|
Batting: LHB Frank Geddes
|
0-0: Called Strike Luis Sánchez is caught stealing 3rd base 0-1: Ball 1-1: Ball 2-1: Ball 3-1: Swinging Strike 3-2: Strikes out looking
|
Top of the 1st over - 0 run(s), 1 hit(s), 0 error(s), 0 left on base; Plymouth 0 - Orlando 0 |
BOTTOM OF THE 1ST |
Orlando Calrissian batting - Pitching for Plymouth Rocks : RHP Scott Walker
|
Pitching: RHP Scott Walker
|
|
Batting: LHB Danny Allen
|
0-0: Fly out, F9 (Line Drive, 89D)
|
Batting: SHB Chris Byrd
|
0-0: Called Strike 0-1: SINGLE (Flyball, 78S)
|
Batting: LHB Santiago Márquez
|
0-0: SINGLE (Groundball, 4MD) Chris Byrd to second
|
Batting: RHB Raúl Canó
|
Single, Error in OF, E8, batter to second base Chris Byrd scores Santiago Márquez to third
|
Batting: RHB Jorge Castillo
|
0-0: Fly out, F9 (Flyball, 9LM) Runner from 3rd tags up, SCORES, throw made
|
Batting: LHB Juan Colón
|
0-0: Ball 1-0: Ball 2-0: Foul Ball, location: 2F 2-1: Ball 3-1: Base on Balls
|
Batting: RHB Frederico Hernández
|
0-0: Fly out, F6 (Line Drive, 6)
|
Bottom of the 1st over - 2 run(s), 3 hit(s), 1 error(s), 2 left on base; Plymouth 0 - Orlando 2 |
TOP OF THE 2ND |
Plymouth Rocks batting - Pitching for Orlando Calrissian : LHP Mark Collins
|
Batting: RHB Tadakuni Sugiyama
|
0-0: Ball 1-0: Swinging Strike 1-1: Foul Ball, location: 2F 1-2: Ball 2-2: Foul Ball, location: 2F 2-2: Fly out, F4 (Popup, 3D)
|
Batting: RHB Anthony Rucker
|
0-0: Called Strike 0-1: Foul Ball, location: 2F 0-2: Ball 1-2: Ball 2-2: Ground out 5-3 (Groundball, 56)
|
Batting: RHB Max Jones
|
0-0: Foul Ball, location: 2F 0-1: Called Strike 0-2: Foul Ball, location: 2F 0-2: Foul Ball, location: 2F 0-2: Ball 1-2: Ground out 5-3 (Groundball, 5)
|
Top of the 2nd over - 0 run(s), 0 hit(s), 0 error(s), 0 left on base; Plymouth 0 - Orlando 2 |
BOTTOM OF THE 2ND |
Orlando Calrissian batting - Pitching for Plymouth Rocks : RHP Scott Walker
|
Batting: RHB Enrique Bermúdez
|
0-0: Called Strike 0-1: Called Strike 0-2: Strikes out swinging
|
Batting: RHB Enrique Ramírez
|
0-0: Swinging Strike 0-1: Ball 1-1: Called Strike 1-2: Foul Ball, location: 2F 1-2: Fly out, F6 (Line Drive, 6M)
|
Batting: LHB Danny Allen
|
0-0: Ball 1-0: Called Strike 1-1: Ball 2-1: Foul Ball, location: 2F 2-2: Ball 3-2: Ground out 4-3 (Groundball, 4M)
|
Bottom of the 2nd over - 0 run(s), 0 hit(s), 0 error(s), 0 left on base; Plymouth 0 - Orlando 2 |
TOP OF THE 3RD |
Plymouth Rocks batting - Pitching for Orlando Calrissian : LHP Mark Collins
|
Batting: RHB Júlio Negrón
|
0-0: Ball 1-0: Called Strike 1-1: Called Strike 1-2: Strikes out swinging
|
Batting: RHB Ray Yates
|
0-0: Called Strike 0-1: Ball 1-1: Foul Ball, location: 2F 1-2: Strikes out looking
|
Batting: RHB Alberto Hernández
|
0-0: Called Strike 0-1: Fly out, F3 (Popup, 3S)
|
Top of the 3rd over - 0 run(s), 0 hit(s), 0 error(s), 0 left on base; Plymouth 0 - Orlando 2 |
BOTTOM OF THE 3RD |
Orlando Calrissian batting - Pitching for Plymouth Rocks : RHP Scott Walker
|
Batting: SHB Chris Byrd
|
0-0: Ball 1-0: Ground out 4-3 (Groundball, 4)
|
Batting: LHB Santiago Márquez
|
0-0: Ball 1-0: Fly out, F4 (Line Drive, 4)
|
Batting: RHB Raúl Canó
|
0-0: SINGLE (Groundball, 34D)
|
Batting: RHB Jorge Castillo
|
0-0: Ball 1-0: Ball 2-0: SINGLE (Line Drive, 4D) Raúl Canó to second Runner from 2nd tries for 3rd, SAFE, throw made to third
|
Batting: LHB Juan Colón
|
0-0: Ball 1-0: Ball 2-0: Called Strike 2-1: Fly out, F7 (Flyball, 78D)
|
Bottom of the 3rd over - 0 run(s), 2 hit(s), 0 error(s), 2 left on base; Plymouth 0 - Orlando 2 |
TOP OF THE 4TH |
Plymouth Rocks batting - Pitching for Orlando Calrissian : LHP Mark Collins
|
Batting: RHB Luis Sánchez
|
0-0: Called Strike 0-1: DOUBLE (Flyball, 78XD)
|
Batting: RHB Andrés Lara
|
0-0: Ground out 6-3 (Groundball, 6) Luis Sánchez to third
|
Batting: LHB Frank Geddes
|
0-0: Foul Ball, location: 2F 0-1: Swinging Strike 0-2: Ball Wild Pitch! Luis Sánchez scores 1-2: Foul Ball, location: 2F 1-2: Ball 2-2: Strikes out swinging
|
Batting: RHB Tadakuni Sugiyama
|
0-0: Called Strike 0-1: SINGLE (Groundball, 34D)
|
Batting: RHB Anthony Rucker
|
0-0: Ground out 6-3 (Groundball, 6)
|
Top of the 4th over - 1 run(s), 2 hit(s), 0 error(s), 1 left on base; Plymouth 1 - Orlando 2 |
BOTTOM OF THE 4TH |
Orlando Calrissian batting - Pitching for Plymouth Rocks : RHP Scott Walker
|
Batting: RHB Frederico Hernández
|
0-0: Called Strike 0-1: Called Strike 0-2: Ball 1-2: Foul Ball, location: 2F 1-2: Foul Ball, location: 2F 1-2: SINGLE (Line Drive, 78S)
|
Batting: RHB Enrique Bermúdez
|
0-0: Called Strike 0-1: Foul Ball, location: 2F 0-2: Ball 1-2: Strikes out swinging
|
Batting: RHB Enrique Ramírez
|
0-0: Ball 1-0: Grounds into double play, 6-4-3 (Groundball, 6)
|
Bottom of the 4th over - 0 run(s), 1 hit(s), 0 error(s), 0 left on base; Plymouth 1 - Orlando 2 |
TOP OF THE 5TH |
Plymouth Rocks batting - Pitching for Orlando Calrissian : LHP Mark Collins
|
Pitching: RHP Domingo Rodríguez
|
|
Batting: RHB Max Jones
|
0-0: Foul Ball, location: 2F 0-1: Ball 1-1: Ball 2-1: Called Strike 2-2: Ball 3-2: Fly out, F7 (Line Drive, 7S)
|
Batting: RHB Júlio Negrón
|
0-0: Ball 1-0: Ball 2-0: Called Strike 2-1: Foul Ball, location: 2F 2-2: Ball 3-2: Base on Balls
|
Batting: RHB Ray Yates
|
0-0: SINGLE (Line Drive, 56D) Júlio Negrón to second
|
Batting: RHB Alberto Hernández
|
0-0: Swinging Strike 0-1: Fly out, F3 (Popup, 3F)
|
Batting: RHB Luis Sánchez
|
0-0: Ball 1-0: Ball 2-0: Called Strike 2-1: Fielders Choice at 2nd, 5-4 (Groundball, 5)
|
Top of the 5th over - 0 run(s), 1 hit(s), 0 error(s), 1 left on base; Plymouth 1 - Orlando 2 |
BOTTOM OF THE 5TH |
Orlando Calrissian batting - Pitching for Plymouth Rocks : RHP Scott Walker
|
Pitching: RHP Pepe Vázquez
|
|
Batting: LHB Danny Allen
|
0-0: Called Strike 0-1: Ground out 4-3 (Groundball, 34)
|
Batting: SHB Chris Byrd
|
0-0: Ball 1-0: Ball 2-0: Ball 3-0: Called Strike 3-1: Swinging Strike 3-2: Foul Ball, location: 2F 3-2: Strikes out swinging
|
Batting: LHB Santiago Márquez
|
0-0: Ball 1-0: Called Strike 1-1: Ball 2-1: Ball 3-1: Base on Balls
|
Batting: RHB Raúl Canó
|
0-0: Swinging Strike 0-1: Ball Wild Pitch! Santiago Márquez to second 1-1: Ball 2-1: Fly out, F8 (Flyball, 8RD)
|
Bottom of the 5th over - 0 run(s), 0 hit(s), 0 error(s), 1 left on base; Plymouth 1 - Orlando 2 |
TOP OF THE 6TH |
Plymouth Rocks batting - Pitching for Orlando Calrissian : RHP Domingo Rodríguez
|
Batting: RHB Andrés Lara
|
0-0: Ball 1-0: Fly out, F4 (Popup, 4)
|
Batting: LHB Frank Geddes
|
0-0: Ball 1-0: Ball 2-0: SINGLE (Line Drive, 56)
|
Batting: RHB Tadakuni Sugiyama
|
0-0: SINGLE (Line Drive, 56) Frank Geddes to second
|
Batting: RHB Anthony Rucker
|
0-0: Ball 1-0: Fielders Choice at 2nd, 4-6 (Groundball, 4) Frank Geddes to third
|
Now at SS: Jason Mason
|
|
Batting: RHB Max Jones
|
0-0: Foul Ball, location: 2F 0-1: Ball 1-1: Swinging Strike 1-2: Strikes out swinging
|
Top of the 6th over - 0 run(s), 2 hit(s), 0 error(s), 2 left on base; Plymouth 1 - Orlando 2 |
BOTTOM OF THE 6TH |
Orlando Calrissian batting - Pitching for Plymouth Rocks : RHP Pepe Vázquez
|
Batting: RHB Jorge Castillo
|
0-0: Ground out 6-3 (Groundball, 6)
|
Batting: LHB Juan Colón
|
0-0: SOLO HOME RUN (Flyball, 7D), Distance : 401 ft
|
Batting: RHB Frederico Hernández
|
0-0: Ball 1-0: Fly out, F9 (Flyball, 9LM)
|
Batting: RHB Enrique Bermúdez
|
0-0: Called Strike 0-1: Ball 1-1: Ball 2-1: Ground out 5-3 (Groundball, 56)
|
Bottom of the 6th over - 1 run(s), 1 hit(s), 0 error(s), 0 left on base; Plymouth 1 - Orlando 3 |
TOP OF THE 7TH |
Plymouth Rocks batting - Pitching for Orlando Calrissian : RHP Domingo Rodríguez
|
Pitching: RHP Bernardo Hernández
|
|
Batting: RHB Júlio Negrón
|
0-0: Fly out, F8 (Flyball, 8LD)
|
Batting: RHB Ray Yates
|
0-0: Called Strike 0-1: Ground out 6-3 (Groundball, 6M)
|
Batting: RHB Alberto Hernández
|
0-0: SINGLE (Line Drive, 9S)
|
Pinch Hitting: SHB Greg Welch
|
0-0: Ball 1-0: Foul Ball, location: 2F 1-1: Ball 2-1: Ball 3-1: Foul Ball, location: 2F 3-2: SINGLE (Flyball, 6MD) Alberto Hernández to second Alberto Hernández to third
|
Pinch Runner at 1st Jorge Jiménez:
|
|
Pinch Hitting: LHB Roy Patrick
|
0-0: Ball 1-0: Ball 2-0: Foul Ball, location: 2F 2-1: Called Strike 2-2: 3-RUN HOME RUN (Line Drive, 78XD), Distance : 416 ft
|
Pitching: LHP Carlos Berru
|
|
Batting: RHB José Flores
|
0-0: Ball 1-0: Ball 2-0: Foul Ball, location: 2F 2-1: Ball 3-1: Swinging Strike 3-2: Strikes out looking
|
Top of the 7th over - 3 run(s), 3 hit(s), 0 error(s), 0 left on base; Plymouth 4 - Orlando 3 |
BOTTOM OF THE 7TH |
Orlando Calrissian batting - Pitching for Plymouth Rocks : RHP Pepe Vázquez
|
Pitching: RHP Soichiro Ikeda
|
|
Now at 3B: Jorge Jiménez
|
|
Now in RF: Roy Patrick
|
|
Batting: RHB Enrique Ramírez
|
0-0: Ground out 4-3 (Groundball, 4)
|
Pitching: LHP Carl Lewis
|
|
Pinch Hitting: RHB Gary Witt
|
0-0: Foul Ball, location: 2F 0-1: SINGLE (Groundball, 34D)
|
Batting: SHB Jason Mason
|
0-0: Foul Ball, location: 2F 0-1: Foul Ball, location: 2F 0-2: Foul Ball, location: 2F 0-2: Ball 1-2: Ball 2-2: Ball 3-2: SINGLE (Flyball, 4MD) Gary Witt to second Runner from 2nd tries for 3rd, SAFE, throw made to third
|
Pitching: RHP Dong-hyun Kim
|
|
Pinch Hitting: RHB Kenny Cole
|
0-0: Ball Jason Mason is caught stealing 2nd base 1-0: Ball 2-0: Foul Ball, location: 2F 2-1: Foul Ball, location: 2F 2-2: Ground out U3 (Groundball, 3S)
|
Bottom of the 7th over - 0 run(s), 2 hit(s), 0 error(s), 1 left on base; Plymouth 4 - Orlando 3 |
TOP OF THE 8TH |
Plymouth Rocks batting - Pitching for Orlando Calrissian : LHP Carlos Berru
|
Now at 1B: Vincente Encarnación
|
|
Now in LF: Gary Witt
|
|
Batting: RHB Tadakuni Sugiyama
|
0-0: Ball 1-0: SOLO HOME RUN (Line Drive, 78XD), Distance : 419 ft
|
Pinch Hitting: RHB António Gonzáles
|
0-0: Foul Ball, location: 2F 0-1: Foul Ball, location: 2F 0-2: Ball 1-2: Strikes out swinging
|
Pinch Hitting: LHB Barrett Waters
|
0-0: Foul Ball, location: 2F 0-1: Ball 1-1: Swinging Strike 1-2: Strikes out swinging
|
Batting: RHB Júlio Negrón
|
0-0: Foul Ball, location: 2F 0-1: Ball 1-1: Ball 2-1: Ball 3-1: Foul Ball, location: 2F 3-2: Strikes out looking
|
Top of the 8th over - 1 run(s), 1 hit(s), 0 error(s), 0 left on base; Plymouth 5 - Orlando 3 |
BOTTOM OF THE 8TH |
Orlando Calrissian batting - Pitching for Plymouth Rocks : RHP Dong-hyun Kim
|
Now at 1B: António Gonzáles
|
|
Now in CF: Barrett Waters
|
|
Pinch Hitting: LHB Juan Jose Pineda
|
0-0: Called Strike 0-1: Foul Ball, location: 2F 0-2: Ball 1-2: Ground out 4-3 (Groundball, 4)
|
Batting: RHB Jorge Castillo
|
0-0: Foul Ball, location: 2F 0-1: Ground out 5-3 (Groundball, 56S)
|
Batting: LHB Jeremy Cox
|
0-0: Ball 1-0: Ball 2-0: Foul Ball, location: 2F 2-1: Ball 3-1: Base on Balls
|
Pinch Hitting: LHB Ramón Sánchez
|
0-0: Ball 1-0: Fielders Choice at 2nd, 5-4 (Groundball, 56)
|
Bottom of the 8th over - 0 run(s), 0 hit(s), 0 error(s), 0 left on base; Plymouth 5 - Orlando 3 |
BOTTOM OF THE 9TH |
Orlando Calrissian batting - Pitching for Plymouth Rocks : RHP Dong-hyun Kim
|
Pitching: RHP Scot MacIntosh
|
|
Now in RF: António Zúñiga
|
|
Pinch Hitting: RHB Diego Ocampo
|
0-0: Ball 1-0: Ground out 6-3 (Groundball, 6)
|
Pinch Hitting: RHB Robby Lewis
|
0-0: Ball 1-0: Ball 2-0: Called Strike 2-1: Ball 3-1: Swinging Strike 3-2: Strikes out swinging
|
Batting: RHB Gary Witt
|
0-0: Called Strike 0-1: Ball 1-1: Foul Ball, location: 2F 1-2: Ball 2-2: Ball 3-2: SINGLE (Groundball, 56)
|
Batting: SHB Jason Mason
|
0-0: Swinging Strike 0-1: Ball 1-1: Foul Ball, location: 2F 1-2: Foul Ball, location: 2F 1-2: Ball 2-2: Ball 3-2: Strikes out swinging
|
Bottom of the 9th over - 0 run(s), 1 hit(s), 0 error(s), 1 left on base; Plymouth 5 - Orlando 3 |
|